Map: Proxima Station LE

Players

Yata

  • Race: Zerg Zerg
  • League: Silver
  • Spawn Location: 7:00

A.I. 1 (Harder) - Winner!

  • Race: Terran Terran
  • Spawn Location: 1:00

VOD

Have the link to the VOD?

Description

Time

  • Played on: July 17, 2017, 8:34 p.m.
  • Length: 7:01
Show
View Real Time Build Order
Export as new Build Order

Yata Zerg 

Build Orders: Hatch First 

Get SALT Encoding   

  12  0:01  Drone  
  13  0:13  Overlord  
  13  0:17  Drone  
  14  0:32  Drone x2  
  17  0:35  Drone  
  17  0:57  Hatchery, Drone  
  18  1:01  Drone  
  18  1:10  Extractor  
  17  1:16  Spawning Pool  
  16  1:18  Drone  
  16  1:21  Drone  
  18  1:30  Drone  
  19  1:41  Overlord  
  19  1:50  Drone  
  20  2:02  Drone  
  21  2:09  Queen  
  21  2:10  Queen  
  21  2:13  Metabolic Boost  
  25  2:17  Zergling x4  
  27  2:23  Drone x2  
  29  2:35  Baneling Nest  
  28  2:37  Drone x2  
  28  2:44  Overlord  
  30  2:55  Drone x2  
  32  2:59  Queen  
  34  3:10  Drone x3  
  37  3:20  Pneumatized Carapace  
  37  3:26  Hatchery  
  34  3:44  Drone  
  34  3:45  Drone x3  
  34  3:46  Drone x4  
  42  4:02  Extractor  
  41  4:04  Extractor  
  40  4:18  Drone  
  40  4:19  Drone x3  
  40  4:21  Overlord  
  40  4:22  Overlord x3  
  44  4:40  Lair  
  44  4:45  Zergling x2  
  44  4:46  Zergling x12  
  51  4:56  Drone x4  
  55  5:02  Queen  
  57  5:23  Drone  
  57  5:24  Drone x10  
  68  5:55  Evolution Chamber  
  67  6:10  Drone  
  67  6:11  Drone x14  
  75  6:44  Zergling x2  
  82  6:49  Hatchery  
Show
View Real Time Build Order
Export as new Build Order

A.I. 1 (Harder) Terran - Winner!

Build Orders: MMM Bio 

Get SALT Encoding   

  12  0:00  SCV  
  13  0:13  SCV  
  14  0:18  Supply Depot  
  14  0:25  SCV  
  15  0:40  SCV  
  16  0:43  Barracks  
  16  0:52  SCV  
  17  1:04  SCV  
  18  1:17  Command Center  
  18  1:30  Marine, Orbital Command  
  19  1:38  Supply Depot  
  19  1:47  Refinery  
  19  1:48  Marine  
  20  1:55  SCV  
  21  2:02  Barracks  
  21  2:07  Refinery  
  21  2:08  SCV  
  22  2:13  Marine  
  23  2:20  SCV  
  24  2:28  Supply Depot  
  24  2:32  Barracks Tech Lab  
  24  2:33  SCV  
  25  2:47  SCV  
  25  2:49  Marine  
  27  2:56  Refinery  
  27  3:01  Marine  
  27  3:04  SCV  
  29  3:08  SCV  
  30  3:13  Marine  
  30  3:15  Factory  
  30  3:17  SCV  
  32  3:25  SCV  
  32  3:26  Marauder  
  35  3:29  SCV  
  35  3:32  Barracks Tech Lab  
  36  3:37  SCV  
  36  3:41  SCV  
  38  3:46  Factory  
  38  4:00  Factory Tech Lab  
  38  4:04  Starport  
  38  4:07  Starport  
  38  4:14  Refinery  
  38  4:16  Marauder  
  40  4:28  Reaper  
  40  4:29  Factory Tech Lab  
  41  4:34  SCV  
  42  4:39  Supply Depot  
  42  4:40  Starport Tech Lab  
  42  4:41  Hellion  
  42  4:42  SCV  
  42  4:43  Starport Tech Lab  
  45  4:46  SCV  
  49  4:52  Siege Tank  
  49  4:53  Stimpack  
  49  4:55  SCV  
  49  4:58  SCV  
  51  5:02  Combat Shields  
  51  5:05  Siege Tank  
  51  5:07  SCV  
  55  5:10  Engineering Bay  
  55  5:16  SCV  
  56  5:22  Supply Depot, SCV  
  56  5:28  SCV  
  58  5:32  Marine  
  58  5:34  SCV  
  60  5:40  SCV  
  61  5:44  Marine  
  61  5:46  Supply Depot, SCV  
  63  5:52  SCV  
  63  5:56  Marauder  
  66  5:58  SCV  
  67  6:08  SCV  
  67  6:09  Supply Depot, Marauder  
  67  6:10  SCV  
  71  6:20  Reaper, SCV  
  73  6:31  SCV  
  73  6:32  SCV  
  75  6:34  Supply Depot  
  77  6:43  SCV  
  77  6:44  SCV  
  81  6:52  Missile Turret  
  81  6:55  Missile Turret  
  81  6:56  Missile Turret  
  81  6:58  Supply Depot  
Tags
 
Composition
MMM Bio
League
Silver
Matchup
TvZ
Replay Pack
Pack 1
Spawn Locations
Cross Positions
Add a new tag
Caveats
  • Supply blocks, unpowered buildings, or Contaminate may cause inaccurate times.
  • Supply counts are checked every 10 seconds.